 Dungeon Crawl Stone Soup version 0.21-a0-498-g1b60429 (webtiles) character file.

56 4thArraOfDagon the Ruffian (level 4, 0/33 HPs)
             Began as a Formicid Transmuter on Nov 24, 2017.
             Slain by a bullfrog (4 damage)
             ... on level 7 of the Dungeon.
             The game lasted 00:03:08 (523 turns).

4thArraOfDagon the Ruffian (Formicid Transmuter)     Turns: 523, Time: 00:03:08

Health: 0/33       AC:  3    Str: 15    XL:     4   Next: 15%
Magic:  7/8        EV: 12    Int: 13    God:
Gold:   13         SH:  0    Dex: 11    Spells: 5/8 levels left

rFire    . . .     SeeInvis +     - Unarmed
rCold    . . .     Gourm    .   (no shield)
rNeg     . . .     Faith    .   b - +1 robe
rPois    .         Spirit   .   (helmet unavailable)
rElec    .         Reflect  .   (no cloak)
rCorr    .         Harm     .   (no gloves)
MR       .....                  (no boots)
Stlth    +.........             (no amulet)
HPRegen  0.11/turn              (no ring)
MPRegen  0.11/turn              (no ring)

@: no status effects
A: permanent stasis, dig shafts and tunnels, four strong arms, antennae 3
a: Dig, Shaft Self


You were on level 7 of the Dungeon.
You were hungry.

You visited 1 branch of the dungeon, and saw 7 of its levels.

You collected 13 gold pieces.

Inventory:

Missiles
 a - 10 arrows
Armour
 b - a +1 robe (worn)
 f - a +1 hat
Scrolls
 e - a scroll of fog
 g - a scroll of teleportation
 h - a scroll of enchant armour
Books
 c - a book of Changes

   Spells                             Type                      Level
   a - Beastly Appendage              Transmutation                1
   b - Sticks to Snakes               Transmutation                2
   c - Spider Form                    Transmutation/Poison         3
   d - Ice Form                       Ice/Transmutation            4
   e - Blade Hands                    Transmutation                5
Comestibles
 d - a bread ration


   Skills:
 + Level 2.0 Fighting
 - Level 1.7 Dodging
 * Level 3.7 Unarmed Combat
 + Level 2.7 Spellcasting
 + Level 2.8 Transmutations


You had 5 spell levels left.
You knew the following spells:

 Your Spells              Type           Power        Failure   Level  Hunger
a - Beastly Appendage     Tmut           #.....       8%          1    #......
b - Sticks to Snakes      Tmut           #.......     11%         2    ###....


Dungeon Overview and Level Annotations

Branches:
Dungeon (7/15)
 Temple: D:4-7

Altars:


Innate Abilities, Weirdness & Mutations

You cannot be hasted, slowed, berserked, paralysed or teleported.
You can dig through walls and to a lower floor.
Your four strong arms can wield two-handed weapons with a shield.
You have a pair of large antennae on your head. (SInv)


Message History

There is an escape hatch in the floor here.
Unknown command.
You slide downwards.
The hatch slams shut behind you. 2 bullfrogs and a worker ant come into view.
The bullfrog gives a loud, deep croak!
The worker ant twitches its antennae in your direction.
Found a bubbling green potion, 14 stones and 19 gold pieces.
Unknown command.
Found a scroll of enchant armour.
Unknown command.
Unknown command.
You see here 14 stones.
Unknown command.
You aren't carrying any potions.
Unknown command.
Unknown command.
Are you sure you want to shaft yourself?
You are feeling hungry.
The bullfrog hits you.
You die...

###.. .....
..#.#.#$$# ##
.....#..#...
#......a.#
#..#...# #......#
##{#..!#
...######.#.#.#.
.......@#(#.....
#.##....F.?.....#
#........####.###
.........# .#
####....## ..
...#.## ......
.##.#. ..#.


You could see a bullfrog.

Vanquished Creatures
  A worker ant (D:6)
  An adder skeleton (D:4)
  A leopard gecko (D:4)
  An orc (D:4)
  A giant cockroach (D:4)
  A ball python (D:3)
  A frilled lizard (D:4)
  A kobold (D:2)
  A rat (D:2)
9 creatures vanquished.

Vanquished Creatures (collateral kills)
  An iguana (D:6)
1 creature vanquished.

Grand Total: 10 creatures vanquished

Notes
Turn   | Place    | Note
-------+----------+-------------------------------------------
     0 | D:1      | 4thArraOfDagon the Formicid Transmuter began the quest for the Orb.
     0 | D:1      | Reached XP level 1. HP: 15/15 MP: 3/3
    17 | D:1      | You fall through a shaft!
    66 | D:2      | You fall through a shaft for 2 floors!
   142 | D:3      | Noticed an orc wizard
   231 | D:4      | Reached XP level 2. HP: 14/21 MP: 3/5
   347 | D:4      | Learned a level 2 spell: Sticks to Snakes
   370 | D:5      | Entered Level 5 of the Dungeon
   461 | D:6      | Reached XP level 3. HP: 16/27 MP: 0/6
   474 | D:6      | Reached XP level 4. HP: 10/33 MP: 1/8
   517 | D:7      | Noticed a bullfrog
   517 | D:7      | Noticed a bullfrog
   523 | D:7      | Slain by a bullfrog

Vault maps used:
D:1:      giann_forest_graveyard, serial_park_tiny_2, minmay_tromino_v2
D:2:      kennysheep_generic_room_16
D:3:      st_stairs_14
D:4:      first_bread, wad_rectangle_vault
D:5:      lemuel_temple_firewalk_b, corexii_item_surrounded_by_moat
D:6:      serial_shops, nicolae_shop_behind_doors
D:7:      nicolae_gozag_seed_capital

Skill      XL: |  1  2  3 |
---------------+----------+-----
Fighting       | 2 |  2.0
Dodging        | |  1.7
Unarmed Combat | |  3.7
Spellcasting   | |  2.7
Transmutations | |  2.8

Action                   |  1- 3 |  4- 6 || total
-------------------------+-------+-------++-------
Melee: Unarmed           |    46 |       ||    46
       Kick              |     8 |       ||     8
       Punch             |     1 |       ||     1
 Cast: Beastly Appendage |     7 |       ||     7
       Sticks to Snakes  |     2 |       ||     2
 Abil: Shaft Self        |     2 |     1 ||     3
       Dig               |     3 |     1 ||     4
  Use: Scroll            |     5 |       ||     5
       Potion            |       |     1 ||     1
Armor: Robe              |     5 |       ||     5
Dodge: Dodged            |    24 |       ||    24

Table legend:
 A = Spawn XP
 B = Non-spawn XP
 C = Spawn XP percentage of total XP
 D = Spawn monster count
 E = Non-spawn monster count
 F = Spawn count percentage of total count
 G = Total turns spent on level
                    A         B        C        D         E        F      G
               +---------+---------+-------+---------+---------+-------+---------
         Total |       0 |      80 |   0.0 |       0 |      10 |   0.0 |   523
               +---------+---------+-------+---------+---------+-------+---------
           D:2 |       0 |       2 |   0.0 |       0 |       2 |   0.0 |    49
           D:3 |       0 |       1 |   0.0 |       0 |       1 |   0.0 |    19
           D:4 |       0 |      14 |   0.0 |       0 |       5 |   0.0 |   285
           D:6 |       0 |      63 |   0.0 |       0 |       2 |   0.0 |   102
               +---------+---------+-------+---------+---------+-------+---------
